 Dungeon Crawl Stone Soup version 0.16.1-12-gf5c4a84 (webtiles) character file.

315726 RepoMan the Bewitcher (level 20, -1/137 HPs)
             Began as a Demonspawn Warper on Mar 16, 2015.
             Was the Champion of Dithmenos.
             Slain by an Executioner (21 damage)
             ... summoned by a deep elf demonologist
             ... on level 3 of the Elven Halls on Apr 9, 2015.
             The game lasted 20:21:34 (59619 turns).

RepoMan the Bewitcher (Demonspawn Warper)          Turns: 59619, Time: 20:21:34

Health: -1/137     AC: 23    Str: 15    XL:     20   Next: 85%
Magic:  25/38      EV: 18    Int: 17    God:    Dithmenos [******]
Gold:   2439       SH:  0    Dex: 16    Spells: 13 memorised, 0 levels left

rFire  . . .     SeeInvis +     a - +0 arbalest (freeze)
rCold  + . .     Clarity  +     L - +2 ring mail of Aqor {+Inv rC+ rN+ Regen+ Dex+2}
rNeg   + . .     SustAb   .     (no shield)
rPois  +         Gourm    .     m - +2 helmet
rElec  .         Spirit   .     n - +2 cloak
rCorr  +         Warding  .     K - +2 pair of gloves {archery}
rMut   .         Stasis   .     (no boots)
MR     +....                    Z - amulet of clarity
Stlth  +++.......               A - ring of wizardry
                                D - ring of see invisible

@: silence (expiring), portal projectile, wreathed by umbra, repel missiles,
drained, somewhat resistant to hostile enchantments, fairly stealthy
A: hooves 2, yellow scales 3, berserk 2, dopey 1, frail 1, poison resistance,
powered by death 3, spiny 2
a: Renounce Religion, Evoke Invisibility
}: 1/15 runes: gossamer


You were on level 3 of the Elven Halls.
You worshipped Dithmenos.
Dithmenos was exalted by your worship.
You were not hungry.

You visited 7 branches of the dungeon, and saw 41 of its levels.
You visited the Abyss 1 time.
You also visited: Labyrinth and Ice Cave.

You collected 5028 gold pieces.
You spent 2589 gold pieces at shops.

Inventory:

Hand weapons
 a - a +0 arbalest of freezing (weapon)
 s - the +6 double sword "Dicoloq" {freeze, rElec rC- MR+ MP+9 Dex+3}
   (You found it on level 1 of the Orcish Mines)

   It has been specially enchanted to freeze those struck by it, causing extra
   injury to most foes and up to half again as much damage against particularly
   susceptible opponents.
   It can also slow down cold-blooded creatures.
   It affects your dexterity (+3).
   It makes you vulnerable to cold.
   It insulates you from electricity.
   It affects your resistance to hostile enchantments.
   It affects your magic capacity (+9).
Missiles
 e - 44 bolts of penetration
 h - 43 poisoned bolts
 j - 10 bolts of frost
 G - 6 needles of slowing
 P - 26 steel bolts
 Q - 289 bolts (quivered)
 U - 45 silver bolts
Armour
 m - a +2 helmet (worn)
 n - a +2 cloak (worn)
 E - the +10 scale mail "Aheaf" {rPois Int+3}
   (You found it on level 4 of the Spider Nest)

   It affects your intelligence (+3).
   It protects you from poison.
 F - a cursed -1 shield
 K - a +2 pair of gloves of archery (worn)
 L - the +2 ring mail of Aqor (worn) {+Inv rC+ rN+ Regen+ Dex+2}
   (You bought it in a shop on level 3 of the Orcish Mines)

   It affects your dexterity (+2).
   It protects you from cold.
   It protects you from negative energy.
   It lets you turn invisible.
   It increases your rate of regeneration.
Jewellery
 r - a cursed -3 ring of intelligence
 A - a ring of wizardry (right hand)
 B - an uncursed ring of sustain abilities
 D - a ring of see invisible (left hand)
 H - an uncursed ring of ice
 Z - an amulet of clarity (around neck)
Magical devices
 u - a wand of disintegration (2)
 v - a wand of digging (6)
 y - a wand of magic darts (26)
Scrolls
 i - 2 scrolls of fog
 k - 5 scrolls of identify
 o - a scroll of enchant armour
 x - 8 scrolls of remove curse
 J - 4 scrolls of magic mapping
 R - a scroll of amnesia
Potions
 b - a potion of magic
 c - a potion of might
 p - a potion of resistance
 t - a potion of ambrosia
 w - 3 potions of flight
 z - 2 potions of brilliance
 M - 2 potions of restore abilities
Books
 d - a book of Burglary

   Spells                             Type                      Level
   a - Swiftness                      Charms/Air                   2
   b - Passwall                       Transmutation/Earth          3
   c - Passage of Golubria            Translocation                4
   d - Lee's Rapid Deconstruction     Earth                        5
   e - Invisibility                   Hexes                        6
   f - Darkness                       Hexes                        7
 l - a Young Poisoner's Handbook

   Spells                             Type                      Level
   a - Sting                          Conjuration/Poison           1
   b - Cure Poison                    Poison                       2
   c - Mephitic Cloud                 Conjuration/Poison/Air       3
   d - Olgreb's Toxic Radiance        Poison                       4
   e - Venom Bolt                     Conjuration/Poison           5
 q - an Akashic Record

   Spells                             Type                      Level
   a - Dispersal                      Translocation                6
   b - Controlled Blink               Translocation                7
   c - Malign Gateway                 Summoning/Translocation      7
   d - Disjunction                    Translocation                8
   e - Singularity                    Translocation                9
 C - a book of Enchantments

   Spells                             Type                      Level
   a - Tukima's Dance                 Hexes                        3
   b - Cause Fear                     Hexes                        4
   c - Silence                        Hexes/Air                    5
   d - Deflect Missiles               Charms/Air                   6
   e - Haste                          Charms                       6
   f - Discord                        Hexes                        8
 N - a book of Debilitation

   Spells                             Type                      Level
   a - Corona                         Hexes                        1
   b - Slow                           Hexes                        2
   c - Inner Flame                    Hexes/Fire                   3
   d - Enslavement                    Hexes                        4
   e - Cause Fear                     Hexes                        4
   f - Leda's Liquefaction            Hexes/Earth                  4
 X - a book of the Sky

   Spells                             Type                      Level
   a - Flight                         Charms/Air                   3
   b - Airstrike                      Air                          4
   c - Silence                        Hexes/Air                    5
   d - Deflect Missiles               Charms/Air                   6
   e - Conjure Ball Lightning         Conjuration/Air              6
   f - Tornado                        Air                          9
Comestibles
 f - 10 bread rations
 g - 10 meat rations
 S - a royal jelly


   Skills:
 * Level 12.0(11.8) Fighting
 + Level 15.2(15.0) Long Blades
   Level 4.5(4.3) Maces & Flails
 + Level 10.0(9.9) Crossbows
 - Level 0.8(0.7) Throwing
 + Level 8.6(8.4) Armour
 + Level 11.9(11.7) Dodging
 + Level 7.9(7.7) Stealth
 - Level 1.1(1.0) Unarmed Combat
 + Level 12.9(12.7) Spellcasting
 * Level 15.9(15.7) Hexes
 + Level 13.5(13.3) Translocations
 - Level 5.2(5.0) Invocations


You couldn't memorise any spells.
You knew the following spells:

 Your Spells              Type           Power        Failure   Level  Hunger
a - Apportation           Tloc           ######....   1%          1    None
b - Blink                 Tloc           N/A          1%          2    None
c - Shroud of Golubria    Chrm/Tloc      ####......   1%          2    None
d - Repel Missiles        Chrm/Air       ##....       7%          2    None
e - Enslavement           Hex            ######..     1%          4    ##.....
f - Portal Projectile     Tloc           ######       1%          3    None
g - Passage of Golubria   Tloc           N/A          1%          4    ##.....
h - Confuse               Hex            ######..     1%          3    None
i - Phase Shift           Tloc           ######....   1%          5    ####...
j - Summon Mana Viper     Hex/Summ       #####...     6%          5    ####...
k - Invisibility          Hex            ######..     1%          6    ######.
l - Silence               Hex/Air        #####.....   6%          5    ####...
m - Cure Poison           Pois           ##........   7%          2    None


Dungeon Overview and Level Annotations

Branches:
Dungeon (15/15)            Temple (1/1) D:6            Lair (8/8) D:11
 Spider (5/5) Lair:5        Slime (0/6) Lair:6          Orc (4/4) D:12
    Elf (3/3) Orc:3        Vaults (5/5) D:13          Crypt (0/3) Vaults:2
  Swamp: Lair:3-6    Shoals: Lair:3-6    Depths: D:15

Altars:
Ashenzari
Cheibriados
Dithmenos
Elyvilon
Fedhas
Gozag
Kikubaaqudgha
Makhleb
Nemelex Xobeh
Okawaru
Qazlal
Ru
Sif Muna
Trog
Vehumet
Xom
Yredelemnul
Zin
The Shining One
Beogh

Shops:
D:7 %   D:9 =   Orc:3 [:   Orc:4 =*[(*   Vaults:1 %   Vaults:3 }

Annotations:
D:4 Sigmund
D:6 exclusion: downstairs
D:8 exclusion: electric eel
D:15 Azrael
Elf:1 Asterion
Vaults:5 Furman's ghost, great DsMo


Innate Abilities, Weirdness & Mutations

You have hoof-like feet.
You are completely covered in yellow scales (AC +4, rCorr).
You can steal the life force of all defeated enemies in sight.
You are mostly covered in sharp spines.
You often lose your temper in combat.
You are dopey. (Int -2)
You are frail (-10% HP).
Your system is resistant to poisons.


Message History

Okay, then.
Use which ability? (? or * to list)
Okay, then.
The Executioner barely misses you.
The Executioner hits you but does no damage. x2
The deep elf sorcerer misses you. The Executioner misses you.
The Executioner hits you but does no damage. x2
The Executioner hits you but does no damage.
The Executioner misses you. The Executioner barely misses you.
The deep elf annihilator gestures wildly while chanting.
The deep elf annihilator blinks!
The deep elf sorcerer casts a spell.
The Executioner barely misses you. The Executioner hits you.
* * * LOW HITPOINT WARNING * * *
The Executioner barely misses you. The Executioner barely misses you.
The Executioner hits you but does no damage. x2
The deep elf sorcerer casts a spell at you.
You resist with some effort. The Executioner hits you!!
You die...

...........###[###............##
#...........)[))..).........###
##.........(.....).........##
#...............[.........#
#..)###.............###...#
#...#####...).....#####...#
#.....####.......#.##.....#
#.......####...#.#........#
#........###...@#.........#
#..........#...#14........#
#........§...§e§§§e.......#
#...........e34§§.........#
#...........§§2..§........#
##.........§§§§§.........##
###.......3e§e§.......###
##.....###3###.....## ###..##
e2..##..###


You could see a deep elf annihilator, an Executioner, a deep elf sorcerer, an
ice devil, a deep elf demonologist, a rust devil and a blue devil.

Vanquished Creatures
  Saint Roka (Vaults:4)
  A bone dragon (Abyss:2)
  A tentacled monstrosity (Vaults:5)
  2 deep elf blademasters (Elf:3)
  A deep elf master archer (Elf:3)
  A tentacled starspawn (Abyss:2)
  2 sphinxes
  An Executioner (Elf:3)
  Frances (Elf:1)
  2 ghost moths (Spider:5)
  A storm dragon (Vaults:5)
  9 vault wardens
  7 deep elf sorcerers (Elf:3)
  6 emperor scorpions (Spider:5)
  12 ironheart preservers
  7 stone giants
  4 deep elf demonologists
  A lorocyproca (Abyss:2)
  10 deep elf annihilators
  7 ettins
  4 deep elf death magi
  A minotaur (Lab)
  22 vault guards
  A crystal guardian (Vaults:4)
  6 great orbs of eyes
  3 fire dragons
  8 small abominations
  3 deep elf high priests
  7 yaktaur captains
  5 ogre magi
  6 hydras
  Fannar (Lair:3)
  2 ice dragons
  2 deep troll earth magi (Vaults:3)
  9 centaur warriors
  A ghost crab (shapeshifter) (Elf:2)
  11 dancing weapons (Elf:2)
  7 death yaks
  2 deep troll shamans
  2 death knights (Vaults:2)
  9 orc high priests
  A sun demon (Abyss:1)
  Urug (Orc:1)
  A fire crab (Vaults:1)
  18 deep elf knights
  A hell hog (Abyss:2)
  A skeletal warrior (Vaults:2)
  2 shadow wraiths
  A wizard (D:14)
  2 harpies (shapeshifter)
  10 deep trolls
  An unseen horror (Vaults:1)
  2 ice statues (IceCv)
  A sea snake (shapeshifter) (Vaults:4)
  12 deep elf summoners
  Pikel (D:5)
  2 flayed ghosts (Vaults:4)
  10 orc knights
  16 ironbrand convokers
  11 harpies
  A necromancer (Vaults:4)
  10 deep elf conjurers
  5 hill giants
  3 orc sorcerers
  9 hornets
  38 wolf spiders
  22 orb spiders
  A lindwurm (Lair:8)
  8 griffons
  34 ugly things
  7 cyclopes
  A human zombie (Vaults:4)
  2 phantasmal warriors
  A salamander (shapeshifter) (Vaults:4)
  2 manticores (D:14)
  A shining eye (Abyss:2)
  A rust devil (Abyss:2)
  An apocalypse crab (Abyss:2)
  4 moths of wrath
  4 black mambas
  2 centaur zombies
  7 elephants
  17 spiny frogs
  4 sixfirhies (Abyss:2)
  2 smoke demons
  15 vault sentinels
  A queen ant (Spider:4)
  7 torpor snails
  A large abomination (Abyss:2)
  7 demonic crawlers
  3 fire drakes
  8 komodo dragons
  6 kobold demonologists
  46 yaktaurs
  An efreet (D:13)
  An ancient zyme (Abyss:2)
  23 deep elf priests
  3 blue devils (IceCv)
  5 trolls
  10 polar bears
  Sonja (Elf:1)
  A baby alligator (shapeshifter) (Vaults:3)
  A harpy skeleton (D:15)
  Grinder (D:5)
  2 giant leeches (Lair:8)
  6 freezing wraiths
  19 slime creatures
  13 boulder beetles
  24 blink frogs
  3 raiju
  A raven (shapeshifter) (Vaults:1)
  13 two-headed ogres
  32 jumping spiders
  A fire giant simulacrum (Vaults:4)
  A yak (shapeshifter) (D:14)
  A wraith (Vaults:1)
  56 redbacks
  A basilisk (Lair:3)
  34 tarantellas
  A hog (D:7)
  2 shadows
  25 trapdoor spiders
  A flying skull (Abyss:2)
  17 vampire mosquitoes
  2 wyverns
  23 deep elf magi
  A human (D:7)
  A human simulacrum (Vaults:4)
  7 hippogriffs
  5 hungry ghosts
  40 deep elf fighters
  2 fire elementals (D:15)
  A steam dragon (D:5)
  33 yaks
  26 soldier ants
  3 mottled dragons
  12 water moccasins
  15 wolves
  16 wargs
  16 swamp worms (Lair:8)
  14 porcupines
  5 hell hounds
  3 wasps (Lair:8)
  14 black bears
  9 ice beasts
  3 sky beasts
  25 spiders
  3 eyes of draining (D:10)
  30 orc warriors
  9 boggarts
  3 phantoms
  3 slaves (D:5)
  17 centaurs
  3 boring beetles
  13 crocodiles
  6 big kobolds
  Duvessa (D:5)
  31 ogres
  5 brain worms (Lair:8)
  A wyvern zombie (D:12)
  A gnoll sergeant (D:6)
  25 giant frogs
  A wyvern skeleton (D:7)
  17 scorpions
  8 wights
  2 quasits
  6 electric eels
  10 crimson imps
  Dowan (D:5)
  22 hounds
  4 jellies
  34 orc wizards
  61 orc priests
  A wasp zombie (D:8)
  A goliath beetle (D:6)
  2 hell rats (Elf:1)
  6 centaur skeletons
  A giant frog skeleton (D:13)
  An iron imp (Abyss:2)
  30 worker ants
  11 iguanas
  10 sheep
  Jessica (D:2)
  2 worker ant zombies
  Robin (D:2)
  57 river rats
  21 adders
  14 gnolls
  A naga simulacrum (IceCv)
  6 shadow imps
  5 giant mites
  15 white imps
  21 worms
  A worm (shapeshifter) (Vaults:2)
  2 adder skeletons (D:5)
  2 adder zombies
  5 giant geckos
  237 orcs
  19 hobgoblins
  26 kobolds
  12 quokkas
  2 ball pythons (D:2)
  18 bats
  2 giant cockroaches
  3 giant newts
  2 giant spores
  28 goblins
  18 jackals
  A jackal zombie (D:7)
  12 rats
  9 ballistomycetes
  6 crawling corpses
  6 fungi
  9 plants
  A starspawn tentacle (Abyss:2)
2085 creatures vanquished.

Vanquished Creatures (collateral kills)
  A sphinx (Vaults:4)
  The ghost of lorenzova the Acrobat, a mighty SpEn of Dithmenos (Vaults:3)
  A ghost moth (Spider:5)
  2 deep elf sorcerers (Elf:3)
  2 deep elf annihilators (Elf:3)
  Harold (Lair:3)
  An ogre mage (Vaults:4)
  A deep elf summoner (Vaults:5)
  An orc sorcerer (Elf:3)
  2 rust devils (Elf:3)
  A spiny frog (Lair:1)
  A jumping spider (Spider:5)
  A deep elf priest (Elf:3)
  A trapdoor spider (Spider:5)
17 creatures vanquished.

Vanquished Creatures (others)
  2 vault guards (Vaults:4)
  A minotaur (Lab)
  A centaur warrior (D:15)
  A cyclops (Vaults:2)
  A vault sentinel (Vaults:3)
  A torpor snail (Lair:7)
  6 mana vipers
  4 yaktaurs
  A redback (Spider:5)
  A tarantella (Elf:1)
  A deep elf fighter (Elf:1)
  An orc warrior (Elf:1)
  A spider (Spider:1)
  2 boggarts
  A lost soul (Vaults:5)
  A giant frog (D:14)
  An elephant simulacrum (IceCv)
  A wight (Abyss:2)
  An orc priest (Orc:2)
  An iron imp (Abyss:2)
  A gnoll (D:6)
  A white imp (IceCv)
  An ufetubus (Abyss:2)
  An orc (Orc:2)
  2 giant spores (D:8)
  A ballistomycete (D:8)
  12 fungi
  6 plants (Lair:8)
  31 starspawn tentacles (Abyss:2)
  529 starspawn tentacle segments (Abyss:2)
615 creatures vanquished.

Grand Total: 2717 creatures vanquished

Notes
Turn   | Place    | Note
--------------------------------------------------------------
     0 | D:1      | RepoMan, the Demonspawn Warper, began the quest for the Orb.
     0 | D:1      | Reached XP level 1. HP: 16/16 MP: 3/3
   255 | D:1      | Gained mutation: You have large cloven feet. [demonic ancestry]
   255 | D:1      | Reached XP level 2. HP: 19/22 MP: 4/4
   271 | D:1      | Reached skill level 3 in Translocations
   277 | D:1      | Learned a level 2 spell: Blink
   599 | D:1      | Reached skill level 1 in Stealth
   922 | D:2      | Noticed Jessica
   952 | D:2      | Killed Jessica
   952 | D:2      | Reached XP level 3. HP: 13/27 MP: 6/6
  1274 | D:2      | Noticed Robin
  1291 | D:2      | Killed Robin
  1291 | D:2      | Gained mutation: You are partially covered in yellow scales (AC +2). [demonic ancestry]
  1291 | D:2      | Reached XP level 4. HP: 18/33 MP: 7/7
  1895 | D:2      | Found a sacrificial altar of Ru.
  2610 | D:3      | Found an opulent altar of Gozag.
  3045 | D:4      | Gained mutation: You can steal the life force of nearby defeated enemies. [demonic ancestry]
  3045 | D:4      | Reached XP level 5. HP: 38/38 MP: 9/9
  3188 | D:4      | Found a sparkling altar of Nemelex Xobeh.
  3191 | D:4      | Found a white marble altar of Elyvilon.
  3391 | D:4      | Noticed Sigmund
  3634 | D:5      | Entered Level 5 of the Dungeon
  3659 | D:5      | Noticed a steam dragon
  3663 | D:5      | HP: 1/38 [steam dragon/ball of steam (24)]
  4169 | D:4      | Learned a level 2 spell: Shroud of Golubria
  4366 | D:4      | Gained mutation: You have hoof-like feet. [demonic ancestry]
  4366 | D:4      | Reached XP level 6. HP: 44/44 MP: 10/10
  4964 | D:5      | Upgraded the game from 0.16.0-8-gd9ae3a8 to 0.16.0-11-gd45b091
  4970 | D:5      | Noticed a slave
  4989 | D:5      | Killed a slave
  5012 | D:5      | Reached skill level 4 in Long Blades
  5029 | D:5      | Noticed Dowan
  5294 | D:5      | Gained mutation: You are partially covered in sharp spines. [demonic ancestry]
  5294 | D:5      | Reached XP level 7. HP: 50/50 MP: 12/12
  5554 | D:6      | Reached skill level 5 in Long Blades
  5565 | D:6      | Reached skill level 5 in Dodging
  5628 | D:7      | Reached XP level 8. HP: 28/56 MP: 14/14
  5976 | D:6      | Found a staircase to the Ecumenical Temple.
  6013 | Temple   | Entered the Ecumenical Temple
  6084 | Temple   | Became a worshipper of Dithmenos the Shadowed
  6882 | D:7      | Reached skill level 1 in Armour
  6926 | D:7      | Reached skill level 6 in Long Blades
  7001 | D:7      | Identified the Catalogue of the Birds
  7008 | D:7      | Learned a level 2 spell: Repel Missiles
  7011 | D:7      | Learned a level 2 spell: Swiftness
  7224 | D:7      | Found a burning altar of Makhleb.
  7224 | D:7      | Found a shimmering altar of Xom.
  7298 | D:7      | Reached skill level 1 in Maces & Flails
  7305 | D:7      | Gained mutation: You can steal the life force of defeated enemies. [demonic ancestry]
  7305 | D:7      | Reached XP level 9. HP: 45/61 MP: 18/18
  7333 | D:7      | Learned a level 3 spell: Portal Projectile
  7395 | D:7      | Found Prigexam's Food Shoppe.
  7479 | D:7      | Noticed a human
  7480 | D:7      | Noticed a hog
  7496 | D:7      | Killed a hog
  7510 | D:7      | Killed a human
  7914 | D:5      | Found an iron altar of Okawaru.
  7916 | D:5      | Noticed Pikel
  7916 | D:5      | Noticed a slave
  7917 | D:5      | Noticed a slave
  7919 | D:5      | Noticed a slave
  7919 | D:5      | Noticed an ice beast
  7931 | D:5      | Killed Pikel
  7931 | D:5      | Reached skill level 7 in Long Blades
  7931 | D:5      | Reached skill level 5 in Translocations
  7931 | D:5      | Killed a slave
  7931 | D:5      | Killed a slave
  7940 | D:5      | Killed an ice beast
  7975 | D:5      | Noticed Grinder
  7998 | D:5      | Paralysed by Grinder for 6 turns
  8006 | D:5      | Killed Grinder
  8201 | D:5      | Noticed a centaur
  8211 | D:5      | Killed a centaur
  8211 | D:5      | Reached skill level 5 in Stealth
  8214 | D:5      | Killed a steam dragon
  8244 | D:5      | Killed Dowan
  8244 | D:5      | Acquired Dithmenos' first power
  8261 | D:5      | Noticed Duvessa
  8268 | D:5      | Killed Duvessa
  8867 | D:6      | Upgraded the game from 0.16.0-11-gd45b091 to 0.16.0-12-g7215832
  8957 | D:7      | Reached XP level 10. HP: 28/67 MP: 18/20
  9977 | D:8      | Reached skill level 8 in Long Blades
 10156 | D:8      | Acquired Dithmenos' second power
 10402 | D:9      | Found a deep blue altar of Sif Muna.
 10595 | D:9      | Reached skill level 5 in Spellcasting
 10763 | D:9      | Found Thikifro's Jewellery Boutique.
 11139 | D:10     | Entered Level 10 of the Dungeon
 11218 | D:10     | Noticed a green ugly thing
 11250 | D:10     | Killed a green ugly thing
 11450 | D:10     | Reached XP level 11. HP: 54/72 MP: 12/23
 11537 | D:10     | Identified a scroll of acquirement
 11671 | D:10     | Acquired Dithmenos' third power
 12287 | D:11     | Found a staircase to the Lair.
 12322 | Lair:1   | Entered Level 1 of the Lair of Beasts
 12566 | Lair:1   | Reached skill level 1 in Crossbows
 13965 | Lair:2   | Noticed a six-headed hydra
 14021 | Lair:2   | Killed a six-headed hydra
 14077 | Lair:2   | Learned a level 4 spell: Passage of Golubria
 14081 | Lair:2   | Learned a level 3 spell: Confuse
 14473 | Lair:2   | Reached skill level 1 in Hexes
 14702 | Lair:3   | Upgraded the game from 0.16.0-12-g7215832 to 0.16.1-11-g651b585
 14836 | Lair:3   | Noticed Harold
 15232 | Lair:3   | Killed Harold
 15232 | Lair:3   | Reached skill level 9 in Translocations
 15232 | Lair:3   | Gained mutation: You are mostly covered in yellow scales (AC +3). [demonic ancestry]
 15232 | Lair:3   | Reached XP level 12. HP: 47/78 MP: 14/28
 15268 | Lair:3   | Learned a level 5 spell: Gell's Gravitas
 15273 | Lair:3   | Acquired Dithmenos' fourth power
 15274 | Lair:3   | Noticed Fannar
 16402 | Lair:5   | Got a steaming leather armour
 16566 | Lair:5   | Identified the cursed -3 leather armour of Kok Sabat {rPois rC++ Dex+3} (You found it on level 5 of the Lair of Beasts)
 16675 | Lair:5   | Reached skill level 1 in Invocations
 16704 | Lair:5   | Found a hole to the Spider Nest.
 17561 | Lair:6   | Noticed a four-headed hydra
 17623 | Lair:6   | Killed a four-headed hydra
 17734 | Lair:6   | Reached skill level 5 in Hexes
 17947 | Lair:6   | Found a staircase to the Slime Pits.
 18571 | Lair:7   | Reached skill level 5 in Crossbows
 18776 | Lair:7   | Found a frozen archway.
 18789 | Lair:7   | Noticed a six-headed hydra
 18804 | IceCv    | Entered an ice cave
 18857 | IceCv    | Learned a level 3 spell: Teleport Other
 18885 | IceCv    | Reached skill level 5 in Fighting
 19135 | IceCv    | Gained mutation: You are mostly covered in sharp spines. [demonic ancestry]
 19135 | IceCv    | Reached XP level 13. HP: 82/91 MP: 27/29
 19399 | Lair:7   | Killed a six-headed hydra
 19902 | Lair:8   | Entered Level 8 of the Lair of Beasts
 20044 | Lair:7   | Reached skill level 5 in Invocations
 20547 | Lair:3   | Killed Fannar
 21683 | D:11     | Found a glowing golden altar of the Shining One.
 21756 | D:11     | Reached skill level 10 in Translocations
 22529 | D:12     | Found a staircase to the Orcish Mines.
 22563 | D:12     | Found a roughly hewn altar of Beogh.
 22643 | D:12     | Reached skill level 1 in Unarmed Combat
 22790 | D:12     | Learned a level 3 spell: Regeneration
 22878 | D:12     | Got an ancient ring mail
 22900 | D:12     | Identified the +4 ring mail of the Pits of Slime {Int+4} (You found it on level 12 of the Dungeon)
 23405 | D:13     | Found a labyrinth entrance.
 23416 | Lab      | Entered a labyrinth
 23731 | Lab      | Got a topaz-encrusted swamp dragon armour
 23746 | Lab      | Identified Hiloet's Collected Works on Supportive Translocation
 23765 | Lab      | Identified the +4 swamp dragon armour of Virtue {+Fly rPois rC- Str+5} (You took it off a minotaur in a labyrinth)
 24223 | D:13     | Found a gate to the Vaults.
 24506 | D:13     | Reached XP level 14. HP: 99/101 MP: 21/31
 25007 | D:14     | Learned a level 5 spell: Phase Shift
 25232 | D:14     | Got an ichor-stained robe
 25234 | D:14     | Identified the -6 robe of Peek-a-Boo {rCorr Int+2} (You found it on level 14 of the Dungeon)
 25727 | D:14     | Reached skill level 10 in Long Blades
 25978 | D:14     | Reached skill level 11 in Translocations
 26169 | D:15     | Entered Level 15 of the Dungeon
 26575 | D:15     | Noticed Azrael
 27044 | Orc:1    | Entered Level 1 of the Orcish Mines
 28094 | Orc:1    | Noticed Urug
 28504 | Orc:1    | Killed Urug
 28609 | Orc:1    | Got a bloodstained double sword
 28610 | Orc:1    | Identified the +6 double sword "Dicoloq" {freeze, rElec rC- MR+ MP+9 Dex+3} (You found it on level 1 of the Orcish Mines)
 28880 | Orc:3    | Found a glowing silver altar of Zin.
 28922 | Orc:3    | Found Emobua Nuje's Armour Shoppe.
 29002 | Orc:3    | Found a staircase to the Elven Halls.
 29327 | Orc:3    | Found Fobyreasa's Book Shop.
 29579 | Orc:4    | Entered Level 4 of the Orcish Mines
 30023 | Orc:4    | Found a roughly hewn altar of Beogh.
 30238 | Orc:4    | Found Amist's Weapon Boutique.
 30238 | Orc:4    | Found Oqegagar's General Store.
 30302 | Orc:4    | Bought a potion of beneficial mutation for 490 gold pieces
 30303 | Orc:4    | Gained mutation: Your natural rate of healing is unusually fast. [potion of beneficial mutation]
 30409 | Orc:4    | Reached skill level 10 in Spellcasting
 30409 | Orc:4    | Reached XP level 15. HP: 99/108 MP: 17/32
 30974 | Orc:4    | Found Thraasm's Jewellery Boutique.
 30974 | Orc:4    | Found Frifepogh's Assorted Antiques.
 30990 | Orc:4    | Bought a scroll of identify for 62 gold pieces
 30990 | Orc:4    | Bought a scroll of identify for 62 gold pieces
 30990 | Orc:4    | Bought a scroll of identify for 62 gold pieces
 31048 | Orc:4    | Found Ladim's Armour Emporium.
 31384 | Orc:3    | Bought a book of Burglary for 1050 gold pieces
 32576 | Lair:8   | Reached skill level 12 in Long Blades
 33348 | Lair:8   | Found a runed door.
 33529 | Lair:8   | Reached skill level 13 in Long Blades
 34253 | Spider:1 | Entered Level 1 of the Spider Nest
 34887 | Spider:2 | Reached skill level 14 in Long Blades
 35383 | Spider:3 | Reached XP level 16. HP: 116/116 MP: 29/33
 35839 | Spider:3 | Reached skill level 10 in Hexes
 36232 | Spider:4 | Got a jewelled scale mail
 36257 | Spider:4 | Identified the +10 scale mail "Aheaf" {rPois Int+3} (You found it on level 4 of the Spider Nest)
 37777 | Spider:5 | Entered Level 5 of the Spider Nest
 39392 | Spider:5 | Gained mutation: You can steal the life force of all defeated enemies in sight. [demonic ancestry]
 39392 | Spider:5 | Reached XP level 17. HP: 120/124 MP: 31/34
 39679 | Spider:5 | Got a gossamer rune of Zot
 40083 | Lair:2   | Learned a level 6 spell: Invisibility
 40083 | Lair:2   | Upgraded the game from 0.16.1-11-g651b585 to 0.16.1-12-gf5c4a84
 40283 | Elf:1    | Entered Level 1 of the Elven Halls
 40647 | Elf:1    | Noticed Frances
 40664 | Elf:1    | Learned a level 5 spell: Silence
 40738 | Elf:1    | Killed Frances
 41153 | Elf:1    | Noticed Sonja
 41166 | Elf:1    | Killed Sonja
 41170 | Elf:1    | Noticed Asterion
 41243 | Orc:3    | Bought the +2 ring mail of Aqor {+Inv rC+ rN+ Regen+ Dex+2} for 520 gold pieces
 41899 | Elf:2    | Reached skill level 10 in Dodging
 42104 | Elf:2    | Found a runed gate.
 42111 | Elf:2    | Found a runed gate.
 42111 | Elf:2    | Found a runed gate.
 42444 | Elf:2    | Reached skill level 5 in Armour
 43345 | Vaults:1 | Entered Level 1 of the Vaults
 43994 | Vaults:1 | Found Rol Ceav's Food Shoppe.
 44002 | Vaults:1 | Got a brightly glowing leather armour
 44020 | Vaults:1 | Identified the cursed -1 leather armour "Grubail" {rF+} (You found it on level 1 of the Vaults)
 44637 | Vaults:1 | Paralysed by a great orb of eyes for 6 turns
 44837 | Vaults:2 | Gained mutation: You are completely covered in yellow scales (AC +4, rCorr). [demonic ancestry]
 44837 | Vaults:2 | Reached XP level 18. HP: 126/133 MP: 14/36
 44918 | Vaults:2 | Learned a level 5 spell: Summon Mana Viper
 45192 | Vaults:2 | Got an ichor-stained long sword
 45193 | Vaults:2 | Identified the +0 long sword of Yqa Hon {holy, rPois rC+ MR+} (You found it on level 2 of the Vaults)
 45604 | Vaults:2 | Found a staircase to the Crypt.
 46519 | Vaults:3 | Noticed lorenzova's ghost (mighty SpEn)
 46638 | Vaults:3 | Killed lorenzova's ghost
 47044 | Vaults:3 | Found Mneahesoll's Gadget Boutique.
 48036 | Vaults:3 | Reached skill level 10 in Fighting
 49476 | Vaults:3 | Reached XP level 19. HP: 140/140 MP: 34/37
 49918 | Vaults:4 | Learned a level 2 spell: Cure Poison
 50951 | Vaults:4 | Noticed Saint Roka
 50977 | Vaults:4 | Killed Saint Roka
 51582 | Vaults:4 | Reached skill level 15 in Hexes
 51753 | Vaults:4 | Gained mutation: You occasionally shout uncontrollably at your foes. [mutagenic glow]
 52202 | Lair:2   | Gained mutation: You can spit poison. [potion of mutation]
 52202 | Lair:2   | Gained mutation: Your mind is acute. (Int +2) [potion of mutation]
 52203 | Lair:2   | Gained mutation: You are frail (-10% HP). [potion of mutation]
 52203 | Lair:2   | Gained mutation: Your body is slowly deteriorating. [potion of mutation]
 52204 | Lair:2   | Lost mutation: Your natural rate of healing is unusually fast. [potion of cure mutation]
 52204 | Lair:2   | Lost mutation: You can spit poison. [potion of cure mutation]
 52204 | Lair:2   | Lost mutation: Your body is slowly deteriorating. [potion of cure mutation]
 52204 | Lair:2   | Lost mutation: You occasionally shout uncontrollably at your foes. [potion of cure mutation]
 52204 | Lair:2   | Lost mutation: Your mind is acute. (Int +2) [potion of cure mutation]
 52204 | Lair:2   | Lost mutation: You are frail (-10% HP). [potion of cure mutation]
 53243 | Vaults:5 | Entered Level 5 of the Vaults
 53696 | Vaults:4 | Reached skill level 15 in Long Blades
 54223 | Vaults:4 | Reached XP level 20. HP: 126/149 MP: 34/38
 54594 | Vaults:5 | Noticed Furman's ghost (great DsMo)
 54861 | Vaults:5 | Noticed a golden dragon
 55021 | Vaults:5 | Gained mutation: You tend to lose your temper in combat. [mutagenic glow]
 55862 | Orc:4    | Bought a scroll of amnesia for 49 gold pieces
 55869 | Orc:4    | Learned a level 4 spell: Enslavement
 55900 | Orc:4    | Bought a scroll of remove curse for 93 gold pieces
 55900 | Orc:4    | Bought a scroll of amnesia for 108 gold pieces
 55900 | Orc:4    | Bought a scroll of teleportation for 93 gold pieces
 56901 | Elf:3    | Entered Level 3 of the Elven Halls
 57478 | Elf:3    | Gained mutation: Your system is resistant to poisons. [a neqoxec]
 58098 | Elf:3    | Reached skill level 10 in Crossbows
 58230 | Elf:3    | Cast into the Abyss (a deep elf sorcerer)
 58328 | Abyss:1  | Found a corrupted altar of Lugonu.
 58359 | Abyss:1  | Found a corrupted altar of Lugonu.
 58370 | Abyss:1  | Found a corrupted altar of Lugonu.
 58389 | Abyss:1  | HP: 7/152 [reaper/scythe of distortion (21)]
 58716 | Abyss:2  | Found a blossoming altar of Fedhas.
 59087 | Abyss:2  | Gained mutation: You are dopey. (Int -2) [a neqoxec]
 59156 | Abyss:2  | Gained mutation: You often lose your temper in combat. [a shining eye]
 59254 | Abyss:2  | Paralysed by accursed screaming for 2 turns
 59257 | Abyss:2  | Gained mutation: You are frail (-10% HP). [a neqoxec]
 59259 | Abyss:2  | Paralysed by accursed screaming for 2 turns
 59265 | Elf:3    | Escaped the Abyss
 59619 | Elf:3    | Slain by an Executioner

Action                   |  1- 3 |  4- 6 |  7- 9 | 10-12 | 13-15 | 16-18 | 19-21 || total
-------------------------+-------+-------+-------+-------+-------+-------+-------++-------
Melee: Falchion          |    99 |   214 |       |       |       |       |       ||   313
       Long sword        |       |    10 |   325 |   764 |  1083 |       |       ||  2182
       Shillelagh        |       |       |    41 |   219 |   350 |       |       ||   610
       Double sword      |       |       |       |       |   618 |  1738 |   928 ||  3284
       Arbalest          |       |       |       |       |       |       |     1 ||     1
 Fire: Arbalest          |       |       |    18 |   198 |   500 |   432 |   364 ||  1512
Throw: Tomahawk          |       |       |     1 |       |       |       |       ||     1
       Throwing net      |       |       |       |     3 |     4 |       |       ||     7
 Cast: Blink             |       |     1 |     8 |    22 |    25 |    21 |    50 ||   127
       Shroud of Golubri |       |       |     3 |    22 |    68 |    63 |    49 ||   205
       Portal Projectile |       |       |     7 |    47 |    52 |    19 |     8 ||   133
       Repel Missiles    |       |       |     3 |     2 |     7 |     8 |    12 ||    32
       Swiftness         |       |       |     3 |     2 |     1 |       |       ||     6
       Confuse           |       |       |       |    41 |   150 |   210 |   191 ||   592
       Apportation       |       |       |       |     9 |   104 |   161 |    51 ||   325
       Passage of Golubr |       |       |       |     1 |       |     5 |     2 ||     8
       Teleport Other    |       |       |       |     1 |       |       |       ||     1
       Gell's Gravitas   |       |       |       |       |     4 |       |       ||     4
       Regeneration      |       |       |       |       |     3 |       |       ||     3
       Phase Shift       |       |       |       |       |    32 |    27 |    25 ||    84
       Invisibility      |       |       |       |       |       |    17 |    10 ||    27
       Silence           |       |       |       |       |       |     2 |    12 ||    14
       Summon Mana Viper |       |       |       |       |       |    10 |    44 ||    54
Invok: Shadow Step       |       |       |       |       |     1 |    15 |     5 ||    21
Evoke: Wand              |       |       |     2 |     8 |     6 |     2 |       ||    18
       Phantom mirror    |       |       |       |     1 |     1 |       |       ||     2
  Use: Potion            |     1 |     4 |     1 |     6 |     9 |    14 |    12 ||    47
       Scroll            |       |     1 |    15 |    15 |    24 |    13 |    14 ||    82
 Stab: Sleeping          |       |     1 |     3 |    18 |    18 |    17 |     6 ||    63
       Confused          |       |       |       |    10 |    49 |    71 |    41 ||   171
       Distracted        |       |       |       |       |     4 |     1 |     6 ||    11
       Fleeing           |       |       |       |       |     1 |       |       ||     1
       Invisible         |       |       |       |       |       |    54 |    24 ||    78
  Eat: Chunk             |     1 |     9 |    10 |    35 |    45 |    53 |    28 ||   181
       Fruit             |       |     5 |       |       |     2 |     3 |     4 ||    14
       Pizza             |       |       |     2 |       |     2 |       |     3 ||     7
       Beef jerky        |       |       |     1 |     5 |     1 |     2 |       ||     9
       Bread ration      |       |       |       |       |     4 |     1 |     4 ||     9
       Meat ration       |       |       |       |       |     1 |     1 |       ||     2
